 Dungeon Crawl Stone Soup version 0.29.1-15-g9cfb28693d (webtiles) character file.

Game seed: 14606589806494293694

1379 safid the Chiller (level 8, -2/63 HPs)
             Began as a Merfolk Ice Elementalist on Mar 31, 2023.
             Slain by Maggie
             ... wielding a +1 halberd of flaming
              (10 damage)
             ... on level 6 of the Dungeon.
             The game lasted 00:14:50 (7147 turns).

safid the Chiller (Merfolk Ice Elementalist)        Turns: 7147, Time: 00:14:51

Health: -2/63      AC:  5    Str:  8    XL:     8   Next: 66%
Magic:  5/15       EV: 12    Int: 17    God:
Gold:   295        SH:  7    Dex: 14    Spells: 10/17 levels left

rFire   . . .      SeeInvis .   j - +1 dagger (elec)
rCold   . . .      Faith    .   l - +2 buckler
rNeg    . . .      Spirit   .   a - +0 robe
rPois   .          Reflect  .   h - +2 helmet
rElec   .          Harm     .   (no cloak)
rCorr   .          Rampage  .   (no gloves)
Will    .....                   (no boots)
Stlth   ++........              (no amulet)
HPRegen 0.20/turn               (no ring)
MPRegen 0.14/turn               (no ring)

@: freezing walls
A: (nimble swimmer 2), mertail
a: no special abilities


You were on level 6 of the Dungeon.
You visited 1 branch of the dungeon, and saw 7 of its levels.
You also visited: Sewer.

You collected 319 gold pieces.
You spent 24 gold pieces at shops.

Inventory:

Hand Weapons
 j - a +1 dagger of electrocution (weapon)
Armour
 a - a +0 robe (worn)
 h - a +2 helmet (worn)
 l - a +2 buckler (worn)
Wands
 x - a wand of charming (3)
 z - a wand of flame (12)
 C - a wand of roots (11)
Scrolls
 d - a scroll of magic mapping
 k - 2 scrolls of teleportation
 m - a scroll of torment {unknown}
 p - a scroll of fear {unknown}
 v - 2 scrolls of amnesia
 w - a scroll of summoning {unknown}
 y - a scroll of fog {unknown}
 B - 2 scrolls of enchant weapon
 E - a scroll of silence {unknown}
Potions
 b - 2 potions of magic
 c - a potion of lignification {unknown}
 e - a potion of curing
 f - a potion of degeneration {unknown}
 g - 3 potions of might {unknown}
 i - a potion of haste {unknown}
 n - 2 potions of flight {unknown}
 q - 3 potions of heal wounds {unknown}
 r - a potion of resistance {unknown}
 s - a potion of cancellation {unknown}
 t - a potion of mutation {unknown}
 u - a potion of brilliance {unknown}
 D - 3 potions of attraction {unknown}


   Skills:
 + Level 5.5 Fighting
 - Level 2.6 Dodging
 - Level 2.1 Stealth
 + Level 4.6 Shields
 + Level 5.1 Spellcasting
 + Level 7.2 Ice Magic


You had 10 spell levels left.
You knew the following spells:

 Your Spells              Type           Power      Damage    Failure   Level
a - Freeze                Ice            100%       1d11      1%          1
b - Frozen Ramparts       Ice            58%        1d9       2%          3
c - Ozocubu's Armour      Ice            29%        N/A       2%          3

Your spell library contained the following spells:

 Spells                   Type           Power      Damage    Failure   Level
 Hailstorm                Conj/Ice       16%        3d6       36%         4


Dungeon Overview and Level Annotations

Branches:
Dungeon (7/15)              Sewer (visited)
 Temple: D:4-7

Altars:
Elyvilon
Ru

Shops:
D:1 *?   D:5 (

Annotations:
D:4 2 transporters, Wiggles's ghost, amateur MiBe
D:6 Maggie


Innate Abilities, Weirdness & Mutations

((You are very nimble when in or above water. (Stealth+, EV+, Speed+++)))
Your lower body shifts to a powerful aquatic tail in water.


Message History

The now-empty wand crumbles to dust.
The frozen ramparts melt away.
Maggie hits you from afar with a +1 halberd of flaming!
* * * LOW HITPOINT WARNING * * *
Maggie burns you.
* * * LOW HITPOINT WARNING * * *
The heat melts your icy armour.
Casting: Ozocubu's Armour (dangerous; 2% risk of failure)
Confirm with . or Enter, or press ? or * to list all spells.
Casting: Frozen Ramparts (dangerous; 2% risk of failure)
Press: ? - help, Dir - look around, f - activate The walls around you are covered in ice.
The wall freezes Maggie.
Maggie barely misses you.
Your icy armour starts to melt.
The wall freezes Maggie.
Maggie says, "How do the people who live here stand the isolation?"
Maggie barely misses you.
The wall freezes Maggie.
Maggie hits you from afar with a +1 halberd of flaming.
* * * LOW HITPOINT WARNING * * *
Maggie burns you.
* * * LOW HITPOINT WARNING * * *
The heat melts your icy armour.
The wall freezes Maggie.
Maggie closely misses you.
You feel better.
The wall freezes Maggie.
Maggie hits you but does no damage.
Your icy armour evaporates.
The wall freezes Maggie.
Maggie hits you from afar with a +1 halberd of flaming!
* * * LOW HITPOINT WARNING * * *
Maggie burns you.
* * * LOW HITPOINT WARNING * * *
The frozen ramparts melt away.
You block Maggie's attack.
Casting: Frozen Ramparts (dangerous; 2% risk of failure)
Confirm with . or Enter, or press ? or * to list all spells.
Casting: Frozen Ramparts (dangerous; 2% risk of failure)
Press: ? - help, Dir - look around, f - activate The walls around you are covered in ice.
The wall freezes Maggie.
Maggie hits you from afar with a +1 halberd of flaming!
You die...

#.# #......................
#.#
##...<..................#
#.#
#>.#########.......###...
####.###.## #.........#
#....##..# #.........###
#...##..## #####...........
#...##...# #.............#
#........#####.###...$.....#
#...##..........@.@.......#
#...##...####.######....(##
#..(##)..###..# #######
#............##
#..........### ####......##
#......# ########


You could see Maggie.

Vanquished Creatures
  Menkaure (D:6)
  A black bear (D:6)
  An ogre (D:5)
  A phantom (D:6)
  A kobold brigand (Sewer)
  A bullfrog (D:7)
  2 necrophages (D:6)
  Blork the orc (D:6)
  A scorpion (D:4)
  2 orc priests
  A hound (D:4)
  A jelly (D:6)
  3 iguanas
  Ijyb (D:4)
  An orc wizard (D:5)
  4 gnolls
  4 river rats (Sewer)
  12 adders
  A shadow imp (D:7)
  A white imp (D:7)
  2 ufetubi
  A worm (D:3)
  2 dart slugs
  21 orcs
  9 ball pythons
  7 endoplasms
  2 giant cockroaches
  5 goblins
  6 hobgoblins
  5 jackals (D:1)
  7 quokkas
  7 bats
  8 frilled lizards
  19 kobolds
  25 rats
167 creatures vanquished.

Notes
Turn   | Place    | Note
-------+----------+-------------------------------------------
     0 | D:1      | safid the Merfolk Ice Elementalist began the quest for the
                  | Orb.
     0 | D:1      | Reached XP level 1. HP: 13/13 MP: 3/3
    71 | D:1      | Found Adu Vek's Assorted Antiques.
   342 | D:1      | Reached XP level 2. HP: 20/20 MP: 1/5
   416 | D:1      | Found Guox's Magic Scroll Emporium.
   465 | D:1      | Bought a scroll of identify for 24 gold pieces
   475 | D:1      | Reached skill level 1 in Fighting
   920 | D:1      | Reached XP level 3. HP: 24/26 MP: 6/6
  1319 | D:2      | Learned a level 3 spell: Frozen Ramparts
  1505 | D:2      | Reached skill level 5 in Ice Magic
  1505 | D:2      | Reached XP level 4. HP: 11/33 MP: 0/8
  1746 | D:2      | Reached skill level 1 in Shields
  1895 | D:2      | Learned a level 3 spell: Ozocubu's Armour
  1923 | D:2      | Reached XP level 5. HP: 39/39 MP: 9/9
  3114 | D:4      | Reached XP level 6. HP: 32/47 MP: 6/11
  3139 | D:4      | Found a glowing drain.
  3151 | Sewer    | Entered a sewer
  3844 | Sewer    | Reached XP level 7. HP: 40/53 MP: 5/12
  4075 | D:4      | Reached skill level 6 in Ice Magic
  4235 | D:4      | Noticed Ijyb
  4326 | D:4      | Killed Ijyb
  4454 | D:4      | Found a white marble altar of Elyvilon.
  4503 | D:4      | Found a sacrificial altar of Ru.
  4522 | D:4      | Noticed Wiggles's ghost (amateur MiBe)
  4531 | D:4      | Found a transporter.
  4596 | D:4      | Found a transporter.
  4701 | D:4      | You fall into a shaft and drop 3 floors!
  4826 | D:7      | Noticed a steam dragon
  5046 | D:5      | Entered Level 5 of the Dungeon
  5861 | D:5      | Reached XP level 8. HP: 58/61 MP: 7/14
  6065 | D:5      | Found Yxoudaqy's Weapon Emporium.
  6422 | D:6      | Reached skill level 5 in Fighting
  6558 | D:6      | Noticed Maggie
  6574 | D:6      | Reached skill level 7 in Ice Magic
  6625 | D:6      | Noticed Blork the orc
  6635 | D:6      | Killed Blork the orc
  6638 | D:6      | Reached skill level 5 in Spellcasting
  6713 | D:6      | Noticed Menkaure
  6723 | D:6      | Killed Menkaure
  7147 | D:6      | Slain by Maggie

Illustrated notes

Levels and vault maps discovered:
D:1:      ebering_hopf_link, layout_loops_ring, serial_shops, shop, shop,
          minmay_misc_feat_plants
D:2:      layout_basic
D:3:      layout_basic, minivault_14, minmay_fractal_squares_5
D:4:      layout_basic, mainiacjoe_overflow_catch_the_wave,
          gammafunk_ghost_arena, portal_sewer_entry_f, uniq_ijyb
D:5:      layout_basic, serial_shops, nicolae_shop_advertising_works
          [nicolae_subvault_shop_adworks], minmay_liquid_box,
          corexii_item_surrounded_by_moat
D:6:      layout_rooms, minmay_tree_intersection, uniq_menkaure, uniq_maggie,
          uniq_blork_the_orc
D:7:      layout_basic, minmay_temple_entry_offerings

Skill      XL: |  1  2  3  4  5  6  7  8 |
---------------+-------------------------+-----
Fighting       | 1 2 3 4 5 |  5.5
Ice Magic      | 5 6 7 |  7.2
Shields        | 1 2 3 4 |  4.6
Spellcasting   | 3 4 5 |  5.1
Dodging        | |  2.6
Stealth        | |  2.1

Action                   |  1- 3 |  4- 6 |  7- 9 || total
-------------------------+-------+-------+-------++-------
Melee: Short sword       |     8 |       |       ||     8
       Dagger            |    29 |   104 |   122 ||   255
 Cast: Freeze            |    31 |    40 |    21 ||    92
       Frozen Ramparts   |       |    13 |    22 ||    35
       Ozocubu's Armour  |       |     3 |    14 ||    17
  Use: Scroll            |       |     2 |     5 ||     7
       Potion            |       |       |     2 ||     2
 Stab: Sleeping          |     2 |     4 |       ||     6
Armor: Robe              |    17 |    25 |    48 ||    90
Dodge: Dodged            |    41 |    58 |    81 ||   180
Block: Buckler           |     1 |    33 |    60 ||    94
